 Dungeon Crawl Stone Soup version 0.24-a0-789-g35933f4585 (webtiles) character file.

Game seed: 5316087479903626339, levelgen mode: deterministic

432 Gargoyl the Skirmisher (level 6, 0/52 HPs)
             Began as a Centaur Abyssal Knight on Oct 10, 2019.
             Was a Believer of Lugonu.
             Succumbed to a worker ant's poison
             ... on level 4 of the Dungeon.
             The game lasted 00:05:23 (2933 turns).

Gargoyl the Skirmisher (Centaur Abyssal Knight)     Turns: 2933, Time: 00:05:24

Health: 0/52       AC:  8    Str: 15    XL:     6   Next: 67%
Magic:  8/8        EV:  7    Int: 13    God:    Lugonu [**....]
Gold:   161        SH:  0    Dex: 10    Spells: 5/5 levels left

rFire    . . .     SeeInvis +   q - +1 war axe
rCold    . . .     Gourm    .   (no shield)
rNeg     . . .     Faith    .   n - +0 scale mail
rPois    .         Spirit   .   (no helmet)
rElec    .         Reflect  .   d - +1 cloak
rCorr    +         Harm     .   (no gloves)
MR       +....                  (no barding)
Stlth    ..........             (no amulet)
HPRegen  0.17/turn              b - ring of resist corrosion
MPRegen  0.11/turn              m - ring of see invisible

@: lethally poisoned (0 -> -6), very quick
A: large, hooves 3, clever 1, deformed body, speed 2, magic resistance 1,
screaming 1, tough skin 3
a: Depart the Abyss, Bend Space, Renounce Religion


You were on level 4 of the Dungeon.
You worshipped Lugonu.
Lugonu was pleased with you.
You were hungry.

You visited 1 branch of the dungeon, and saw 4 of its levels.
You visited the Abyss 1 time.

You collected 161 gold pieces.

Inventory:

Hand Weapons
 a - a +1 hand axe
 q - a +1 war axe (weapon)
Armour
 d - a +1 cloak (worn)
 n - a +0 scale mail (worn)
Jewellery
 b - a ring of resist corrosion (left hand)
 m - a ring of see invisible (right hand)
Scrolls
 e - 4 scrolls of teleportation
 g - 2 scrolls of identify
Potions
 h - a potion of cancellation
 o - a potion of might
Comestibles
 c - 15 rations


   Skills:
 + Level 3.9 Fighting
 + Level 3.7 Axes
 * Level 2.8 Armour
 * Level 2.1 Dodging
 * Level 3.5 Invocations


You had 5 spell levels left.
You didn't know any spells.
Your spell library was empty.

Dungeon Overview and Level Annotations

Branches:
Dungeon (4/15)
 Temple: D:4-7

Altars:
Nemelex Xobeh
Ru
Uskayaw
Xom


Innate Abilities, Weirdness & Mutations

You have hooves in place of feet.
Armour fits poorly on your strangely shaped body.
You cover ground very quickly.
You have extremely tough skin. (AC +3)
Your mind is acute. (Int +2)
You are resistant to hostile enchantments. (MR+)
You occasionally shout uncontrollably at your foes.


Message History

You feel sick.
* * * LOW HITPOINT WARNING * * *
You feel sick.
* * * LOW HITPOINT WARNING * * *
You feel sick.
You see here a scroll of teleportation.
e - 4 scrolls of teleportation (gained 1)
* * * LOW HITPOINT WARNING * * *
You feel sick.
* * * LOW HITPOINT WARNING * * *
You feel sick.
* * * LOW HITPOINT WARNING * * *
You feel sick.
* * * LOW HITPOINT WARNING * * *
You feel sick.
* * * LOW HITPOINT WARNING * * *
You feel sick.
* * * LOW HITPOINT WARNING * * *
You feel sick.
You die...

#####.....).)..#
###.....###..###.#
#............# #
#.#.#######.## #.#
#.# #.# #.. #.#
###. #.# .# #@# #
#...# ###.# #.#
#.# #.# #.# #.#


There were no monsters in sight!

Vanquished Creatures
  The ghost of acidapple the Changer, an amateur BaTm (D:3)
  3 orc priests (D:4)
  An orc wizard (D:4)
  A worker ant (D:4)
  3 adders
  A hound simulacrum (D:3)
  A white imp (D:3)
  2 adder simulacra (D:3)
  3 dart slugs
  A leopard gecko (D:2)
  An orc (D:4)
  A ball python (D:1)
  2 giant cockroaches
  6 goblins
  4 hobgoblins
  3 jackals (D:1)
  6 kobolds
  A quokka (D:2)
  10 bats
  7 frilled lizards
  3 leopard gecko simulacra (D:3)
  8 rats
69 creatures vanquished.

Notes
Turn   | Place    | Note
-------+----------+-------------------------------------------
     0 | Abyss:1  | Gargoyl the Centaur Abyssal Knight began the quest for the
                  | Orb.
     0 | Abyss:1  | Reached XP level 1. HP: 19/19 MP: 2/2
    84 | Abyss:1  | Noticed a large abomination
   115 | Abyss:1  | Noticed a hell hog
   117 | D:1      | Escaped the Abyss
   343 | D:1      | Reached XP level 2. HP: 19/26 MP: 3/3
   438 | D:1      | Reached * piety under Lugonu
   563 | D:1      | Reached skill level 1 in Dodging
   802 | D:1      | Reached XP level 3. HP: 28/31 MP: 4/4
  1313 | D:2      | Found a hide-covered altar of Uskayaw.
  1319 | D:2      | Reached ** piety under Lugonu
  1379 | D:2      | Reached XP level 4. HP: 31/38 MP: 5/5
  1467 | D:2      | Found a sparkling altar of Nemelex Xobeh.
  1781 | D:3      | Found a runed translucent gate.
  1781 | D:3      | Found a runed translucent gate.
  1781 | D:3      | Found a runed translucent gate.
  1797 | D:3      | Found a sacrificial altar of Ru.
  1797 | D:3      | Found a shimmering altar of Xom.
  2160 | D:3      | Noticed acidapple's ghost (amateur BaTm)
  2538 | D:3      | Killed acidapple's ghost
  2538 | D:3      | Reached XP level 5. HP: 23/46 MP: 7/7
  2538 | D:3      | Reached XP level 6. HP: 26/52 MP: 8/8
  2917 | D:4      | Gained mutation: You occasionally shout uncontrollably at
                  | your foes. [potion of mutation]
  2917 | D:4      | Gained mutation: Your mind is acute. (Int +2) [potion of
                  | mutation]
  2917 | D:4      | Gained mutation: You are resistant to hostile enchantments.
                  | (MR+) [potion of mutation]
  2927 | D:4      | HP: 2/52 [poisoned by a worker ant]
  2933 | D:4      | Succumbed to a worker ant's poison

Levels and vault maps discovered:
D:1:      shiori_arrival_oz, layout_basic
D:2:      layout_loops_ring, nicolae_overflow_hidden_temple,
          eat_drink_and_be_merry_uskayaw, first_ration,
          kennysheep_generic_room_13
D:3:      layout_loops_cross, grunt_temple_overflow_open, gammafunk_ghost_icy
D:4:      layout_loops_ring, serial_forest, infiniplex_forest_fountain,
          infiniplex_forest_diagonal, infiniplex_forest_straight_3,
          infiniplex_forest_clump_diagonal, infiniplex_forest_straight_4,
          infiniplex_forest_join, infiniplex_forest_straight_1, elyvilon_altar_5

Skill      XL: |  1  2  3  4 |
---------------+-------------+-----
Axes           | 2 3 |  3.7
Dodging        | 1 2 |  2.1
Armour         | 2 |  2.8
Invocations    | 3 |  3.5
Fighting       | |  3.9

Action                   |  1- 3 |  4- 6 || total
-------------------------+-------+-------++-------
Melee: Hand axe          |   126 |    62 ||   188
       Kick              |    15 |    15 ||    30
       War axe           |       |    25 ||    25
Invok: Depart the Abyss  |     1 |       ||     1
Evoke: Wand              |       |     9 ||     9
  Use: Scroll            |     5 |     5 ||    10
       Potion            |     1 |     2 ||     3
  Eat: Chunk             |       |     4 ||     4
Armor: Leather armour    |    71 |     6 ||    77
       Skin              |       |    24 ||    24
       Scale mail        |       |    24 ||    24
Dodge: Dodged            |    83 |    33 ||   116
Block: Shield            |     3 |       ||     3

Table legend:
 A = Non-vault XP
 B = Vault XP
 C = Vault XP percentage of total XP
 D = Non-vault monster count
 E = Vault monster count
 F = Vault count percentage of total count
                 A         B        C        D         E       F
            +---------+---------+-------+---------+---------+-------
      Total |     316 |     302 |  48.9 |      57 |      12 |  17.4
            +---------+---------+-------+---------+---------+-------
        D:1 |      39 |       4 |   9.3 |      23 |       2 |   8.0
        D:2 |      60 |       3 |   4.8 |      20 |       2 |   9.1
        D:3 |      21 |     295 |  93.4 |       8 |       8 |  50.0
        D:4 |     196 |       0 |   0.0 |       6 |       0 |   0.0
            +---------+---------+-------+---------+---------+-------
